 Dungeon Crawl Stone Soup version 0.26-a0-1205-g4083c211ab (webtiles) character file.

Game seed: 2728442500243650292

370 CurlyBrace the Sneak (level 6, 8/30 HPs)
             Began as a Felid Delver on Dec 29, 2020.
             Was an Initiate of Cheibriados.
             Quit the game on level 4 of the Dungeon.
             The game lasted 00:09:12 (935 turns).

CurlyBrace the Sneak (Felid Delver)                  Turns: 935, Time: 00:09:13

Health: 8/30       AC:  2    Str:  9      XL:     6   Next: 42%
Magic:  7/7        EV: 20    Int: 11 (15) God:    Cheibriados [......]
Gold:   0          SH:  0    Dex: 15 (18) Spells: 5/5 levels left
                                        Lives:  1   Deaths: 1

rFire    . . .     SeeInvis +     - Unarmed
rCold    . . .     Faith    .   (shield unavailable)
rNeg     . . .     Spirit   .   (armour unavailable)
rPois    .         Reflect  .   (helmet unavailable)
rElec    .         Harm     .   (cloak unavailable)
rCorr    .         Rampage  .   (gloves unavailable)
Will     .....                  (boots unavailable)
Stlth    ++++......             (no amulet)
HPRegen  0.10/turn              (no ring)
MPRegen  0.10/turn              (no ring)

@: lethally poisoned (8 -> -2), slowed, very slow
A: very small, no armour, no weapons or thrown items, stealth, claws 1, fangs 3,
see invisible, speed 1, shaggy fur 2, sharp paws
a: Renounce Religion, Bend Time


You were on level 4 of the Dungeon.
You worshipped Cheibriados.
Cheibriados was noncommittal.
You visited 2 branches of the dungeon, and saw 6 of its levels.
You also visited: Ossuary.

Inventory:

Wands
 b - a wand of random effects (23)
   (You took it off Ijyb on level 5 of the Dungeon)
 v - a wand of digging (3)
Scrolls
 a - a scroll of fog
 c - 2 scrolls of remove curse {unknown}
 f - 2 scrolls of magic mapping
Potions
 e - a potion of brilliance


   Skills:
 * Level 5.6 Fighting
 + Level 5.2 Dodging
 - Level 7.0 Stealth
 * Level 5.5 Unarmed Combat


You had 5 spell levels left.
You didn't know any spells.
Your spell library was empty.

Dungeon Overview and Level Annotations

Branches:
Dungeon (7/15)             Temple (1/1) D:6         Ossuary (visited)

Altars:
Ashenzari
Cheibriados
Dithmenos
Elyvilon
Fedhas
Gozag
Hepliaklqana
Kikubaaqudgha
Makhleb
Qazlal
Ru
Sif Muna
Trog
Uskayaw
Vehumet
Yredelemnul
Zin
The Shining One


Innate Abilities, Weirdness & Mutations

You cannot wear armour.
You are incapable of wielding weapons or throwing items.
Your paws allow you to move quietly. (Stealth)
You have sharp claws.
You have razor-sharp teeth.
You have supernaturally acute eyesight. (SInv)
You cover ground quickly.
You are covered in thick fur. (AC +2)
Your sharp claws are effective at attacking unaware monsters.


Message History

Cheibriados appreciates the change of pace.
The iceblast engulfs the jackal!
You kill the jackal!
Cheibriados appreciates the change of pace.
The jackal barks!
You hear a howl!
Unknown command.
Evoke which item? (* to show all) (? for menu, Esc to quit)
Really evoke
b - a wand of random effects (24)?
This could place you under penance!
Aiming: Random Effects
Press: ? - help, Shift-Dir - straight line, f - adder
Aim: an adder The adder flickers and vanishes for a moment.
The orc throws a curare-tipped dart.
The curare-tipped dart hits you.
You are poisoned.
You have difficulty breathing.
You feel yourself slow down.
* * * LOW HITPOINT WARNING * * *
You feel sick. The adder closely misses you.
Okay, then.
Okay, then.
Are you sure you want to abandon this character and quit the game? (Confirm with "yes".)

......).........#......#
.....############......#
.....#,,,*,,........(..#
.....#,,,+,,...........#
.....#,,,*,....8#..#.8.# ***
.....###########....####*##.*
####o..........#....†###....*****
,,,+...........S............*,,,,
,,,#...........#@..#.......#,,,,,
,,,#..........†#.)..##.....#,,,,,
,,,#...........8#####8.....#,,,,,
,,,#.S...........*,,,,.....#*,,,,
,,,#o...o........#,,,,,.....*****
***#.h...o.....(.#*+***#+##.*
,,,....#####....hh,,,,,,,,,,*
,,.....+,,,#.......,,,,,,,,,*
,......#,,,*,,,,,,,,,,,,,,,,*


You could see an adder (invisible).

Vanquished Creatures
  Prince Ribbit (D:6)
  An ice beast (D:5)
  Blork the orc (D:6)
  A water moccasin zombie (D:5)
  A howler monkey (D:6)
  2 human zombies (Ossuary)
  2 worker ants
  Ijyb (D:5)
  A mummy (Ossuary)
  2 adders (D:4)
  A howler monkey skeleton (D:4)
  An ooze (D:5)
  A leopard gecko (D:5)
  7 orcs
  A giant cockroach (D:5)
  4 jackals (D:4)
  2 quokkas (D:5)
  A ball python skeleton (D:4)
  2 goblin zombies (Ossuary)
  5 hobgoblin zombies (Ossuary)
  2 jackal zombies (Ossuary)
  11 kobold zombies (Ossuary)
  A leopard gecko skeleton (D:4)
  10 orc zombies (Ossuary)
  5 rat zombies (Ossuary)
67 creatures vanquished.

Vanquished Creatures (others)
  7 toadstools (D:6)
7 creatures vanquished.

Grand Total: 74 creatures vanquished

Notes
Turn   | Place    | Note
-------+----------+-------------------------------------------
     0 | D:5      | CurlyBrace the Felid Delver began the quest for the Orb.
     0 | D:5      | Reached XP level 1. HP: 10/10 MP: 2/2
     2 | D:6      | Noticed Prince Ribbit
     7 | D:6      | Noticed a howler monkey
     8 | D:6      | Killed Prince Ribbit
     9 | D:6      | Reached skill level 7 in Stealth
     9 | D:6      | Reached XP level 2. HP: 15/15 MP: 3/3
     9 | D:6      | Reached XP level 3. HP: 18/18 MP: 4/4
     9 | D:6      | Reached XP level 4. HP: 22/22 MP: 5/5
     9 | D:6      | Reached XP level 5. HP: 25/25 MP: 6/6
    17 | D:6      | Found the +3 sling "Punk" {acid, rCorr}
    21 | D:6      | Found a glowing golden altar of the Shining One.
    30 | D:6      | Noticed Blork the orc
    37 | D:6      | Killed Blork the orc
    46 | D:6      | Found a staircase to the Ecumenical Temple.
    52 | Temple   | Entered the Ecumenical Temple
   107 | Temple   | Became a worshipper of Cheibriados the Contemplative
   150 | D:6      | Gained mutation: You are covered in thick fur. (AC +2)
                  | [Felid growth]
   150 | D:6      | Reached XP level 6. HP: 18/29 MP: 7/7
   158 | D:5      | Noticed an ice beast
   170 | D:5      | Killed an ice beast
   238 | D:5      | Reached skill level 5 in Fighting
   238 | D:5      | Reached skill level 5 in Unarmed Combat
   250 | D:5      | Noticed Ijyb
   258 | D:5      | Killed Ijyb
   298 | D:6      | Reached XP level 7. HP: 25/33 MP: 8/8
   464 | D:4      | Reached skill level 5 in Dodging
   477 | D:4      | Reached * piety under Cheibriados
   496 | D:4      | Found a sand-covered staircase.
   500 | Ossuary  | Entered an ossuary
   693 | Ossuary  | Was placed under penance by Cheibriados
   714 | Ossuary  | Slain by a human zombie
   715 | Ossuary  | Reached XP level 6. HP: -3/30 MP: 7/7
   853 | Ossuary  | Was forgiven by Cheibriados
   935 | D:4      | Quit the game

Illustrated notes

Levels and vault maps discovered:
D:3:      layout_rooms
D:4:      layout_gridville, lightli_ossuary_entry_decrepit_ruins,
          hangedman_decor_diamond_cutter, lemuel_angel_altar, uniq_duvessa
D:5:      layout_rooms, uniq_crazy_yiuf_cottage, uniq_ijyb
D:6:      cheibrodos_fertilizer, layout_cave_pools,
          nicolae_overflow_crystal_walls, tso_oasis_becter,
          minmay_temple_entry_hall, nicolae_benzene_ring, uniq_prince_ribbit1,
          uniq_blork_the_orc
D:7:      layout_basic, uniq_menkaure
Temple:   eino_narrow_crystal_temple

Skill      XL: |  1  2  3  4  5  6  7 |
---------------+----------------------+-----
Dodging        | 3 4 5 |  5.2
Stealth        | 7 |  7.0
Unarmed Combat | 4 5 |  5.5
Fighting       | 4 5 |  5.6

Action                   |  1- 3 |  4- 6 |  7- 9 || total
-------------------------+-------+-------+-------++-------
Melee: Unarmed           |       |    65 |   120 ||   185
       Bite              |       |     4 |    13 ||    17
       Punch             |       |     1 |     7 ||     8
Evoke: Wand              |     3 |    14 |       ||    17
  Use: Scroll            |       |     4 |     4 ||     8
       Potion            |       |     6 |     2 ||     8
 Stab: Paralysed         |       |     3 |       ||     3
       Sleeping          |       |     4 |     3 ||     7
       Distracted        |       |     1 |       ||     1
Armor: Skin              |       |     8 |     8 ||    16
Dodge: Dodged            |       |    53 |   108 ||   161

Table legend: (Time is in decaauts)
 A = Elapsed time spent in this place.
 B = Non-inter-level travel time spent in this place.
 C = Inter-level travel time spent in this place.
 D = Time resting spent in this place.
 E = Time spent auto-exploring this place.
 F = Levels seen in this place.
 G = Mean time per level.
                   A        B        C        D        E       F      G
               +--------+--------+--------+--------+--------+-----+--------+
         Total |    969 |    954 |     15 |      0 |      0 |   7 |  138.4 |
       Dungeon |    467 |    467 |      0 |      0 |      0 |   5 |   93.4 |
        Temple |     61 |     46 |     15 |      0 |      0 |   1 |   61.0 |
       Ossuary |    440 |    440 |      0 |      0 |      0 |   1 |  440.0 |
               +--------+--------+--------+--------+--------+-----+--------+

Top non-repeatable levels by time:
 Ossuary: 440 daAuts
     D:5: 163 daAuts
     D:4: 157 daAuts
     D:6: 140 daAuts
  Temple: 61 daAuts
     D:3: 5 daAuts
     D:7: 1 daAuts
